 Dungeon Sprint DCSS version 0.20-a0-1122-gb7cbeb9 (webtiles) character file.

32162 Kidiri the Peltast (level 13, -2/95 HPs)
             Began as a Gargoyle Fighter on May 12, 2017.
             Was a Believer of the Shining One.
             Slain by a stone giant (13 damage)
             ... created by the fury of Okawaru
             ... in the Dungeon (Sprint I: "Red Sonja").
             The game lasted 00:33:32 (6179 turns).

Kidiri the Peltast (Gargoyle Fighter)               Turns: 6179, Time: 00:33:33

Health: -2/95      AC: 41    Str: 30 (32) XL:     13   Next: 62%
Magic:  21/21      EV:  9    Int:  7 (10) God:    the Shining One [**....]
Gold:   1020       SH:  5    Dex:  8 (9)  Spells: 12/12 levels left

rFire    . . .     SeeInvis .   p - +6 flail (crush)
rCold    + . .     Gourm    .   (no shield)
rNeg     + + .     Faith    .   w - +4 plate armour {rC+}
rPois    ∞         Spirit   .   u - +0 helmet
rElec    +         Reflect  +   q - +2 cloak {rPois}
rCorr    .         Harm     .   (no gloves)
MR       .....     NoTele   +   e - +1 pair of boots
Stlth    ..........             s - +5 amulet of reflection
Regen    0.7/turn               a - ring of Jamonk {Str+6 Dex+2}
MPRegen  0.2/turn               o - +6 ring of strength

@: slowed, glowing, constricted, very slow
A: iridescent scales 1, clumsy 2, deterioration 2, negative energy resistance 1,
regeneration 1, screaming 1, electricity resistance, weak 1, unbreathing,
petrification resistance, rot immunity, AC +9
a: Divine Shield, Renounce Religion


You were in the Dungeon.
You worshipped the Shining One.
The Shining One was pleased with you.
You were not hungry.

You visited 1 branch You collected 4914 gold pieces.
You spent 3894 gold pieces at shops.

Inventory:

Hand Weapons
 d - a +0 shortbow
 p - a +6 flail of crushing (weapon)
Missiles
 g - 213 arrows
Armour
 b - a +3 chain mail of fire resistance
 c - a +1 shield
 e - a +1 pair of boots (worn)
 q - a +2 cloak of poison resistance (worn)
 u - a +0 helmet (worn)
 w - a +4 plate armour of cold resistance (worn)
Jewellery
 a - the ring of Jamonk (left hand) {Str+6 Dex+2}
   (You bought it in a shop in the Dungeon)

   [ring of dexterity]

   It affects your strength (+6).
   It affects your dexterity (+2).
 l - an uncursed ring of resist corrosion
 o - a +6 ring of strength (right hand)
 s - a +5 amulet of reflection (around neck)
Wands
 j - a wand of random effects (17/48)
 n - a wand of disintegration (7/24)
 r - a wand of disintegration (14/24)
Scrolls
 k - 2 scrolls of blinking
Potions
 i - 4 potions of magic


   Skills:
 * Level 16.8 Fighting
 * Level 15.4 Maces & Flails
 + Level 8.8 Bows
 * Level 16.9 Armour
 + Level 9.7 Dodging
 * Level 17.0 Shields
 - Level 10.9 Invocations
 + Level 3.9 Evocations


You had 12 spell levels left.
You didn't know any spells.

Dungeon Overview and Level Annotations

Branches:
Dungeon (1/1)

Altars:
Cheibriados
Dithmenos
Elyvilon
Fedhas
Gozag
Hepliaklqana
Kikubaaqudgha
Makhleb
Nemelex Xobeh
Okawaru
Qazlal
Ru
Sif Muna
Trog
Uskayaw
Vehumet
Wu Jian
Xom
Yredelemnul
Zin
The Shining One
Jiyva
Lugonu

Shops:
D =!!?:}}!%!=(=[=*%**[*(

Annotations:
D Tiamat


Innate Abilities, Weirdness & Mutations

You are resistant to torment.
Your stone body is resilient. (AC +9)
You are immune to poison.
You resist negative energy. (rN+)
You are resistant to electric shocks. (rElec)
You can survive without breathing.
You are immune to petrification.
You are immune to rotting.
You are partially covered in iridescent scales. (AC +2)
You are very clumsy. (Dex -4)
Your body often deteriorates upon taking damage.
Your natural rate of healing is unusually fast.
You occasionally shout uncontrollably at your foes.
You are weak. (Str -2)


Message History

The naga closely misses you. The naga constricts you.
The naga warrior hits you but does no damage.
You escape the naga's grasp.
The stone giant misses you. The naga closely misses you. The naga grabs you.
* * * LOW HITPOINT WARNING * * *
The naga constricts you.
The stone giant hits you but does no damage.
The naga spits poison at you. The splash of poison misses you.
The naga constricts you.
You completely miss the stone giant.
The stone giant is heavily wounded.
The naga spits poison at you. The splash of poison hits you! You resist.
The stone giant hits you but does no damage.
You block the naga's attack. The naga constricts you.
Unknown command.
You hit the stone giant.
The stone giant is heavily wounded.
The naga hits you but does no damage. The stone giant hits you!
You die...

#################################
.#..'..#__#..'NN@#..#§§.§§§§§§§§'
.').#..'..':.#.CN##+#§####§§§§§##
+#####.#__####..c'.§#§#.###§.§###
.#...#.####§§#####.§'.#'#.###+#)!
##..##)#≈≈≈..#..##'####^..#y#.##$
_##+#_.'§§§..'..#..§..#...###..##
..'..._#≈§≈§§#..#..^§.+.....##.#A
_##_(#+##§#####'###^).#^....#..##
_###'#(#....###.'.#^§§###++##.##.


You could see a naga warrior, a stone giant, a centaur warrior and 2 nagas.

Vanquished Creatures
  the Lernaean hydra (D)
  A golden dragon (D)
  A shadow dragon (D)
  5 fire giants (D)
  A stone giant (D)
  A lorocyproca (D)
  A minotaur (D)
  A hydra (D)
  2 centaur warriors (D)
  Sonja (D)
  7 unseen horrors (D)
  A deep troll (D)
  A lindwurm (D)
  An oklob plant (D)
  8 shining eyes (D)
  2 merfolk sirens (D)
  A gargoyle (D)
  2 kobold demonologists (D)
  4 demonic crawlers (D)
  A hellwing (D)
  2 hornets (D)
  A slime creature (D)
  Sigmund (D)
  2 redbacks (D)
  13 hogs (D)
  A yak (D)
  2 nagas (D)
  7 floating eyes (D)
  7 necrophages (D)
  An ogre (D)
  8 jellies (D)
  Ijyb (D)
  2 ballistomycetes (D)
91 creatures vanquished.

Vanquished Creatures (others)
  A deep elf annihilator (D)
  A gargoyle (D)
  3 hornets (D)
  2 ballistomycete spores (D)
7 creatures vanquished.

Grand Total: 98 creatures vanquished

Notes
Turn   | Place    | Note
-------+----------+-------------------------------------------
     0 | D        | Kidiri the Gargoyle Fighter began the quest for the Orb.
     0 | D        | Reached XP level 1. HP: 14/14 MP: 1/1
     2 | D        | Noticed Ijyb
    18 | D        | Killed Ijyb
    18 | D        | Reached skill level 1 in Dodging
    18 | D        | Reached skill level 4 in Shields
    18 | D        | Reached XP level 2. HP: 17/20 MP: 2/2
    18 | D        | Reached XP level 3. HP: 20/24 MP: 3/3
   122 | D        | Noticed an ogre
   128 | D        | Killed an ogre
   128 | D        | Reached skill level 5 in Fighting
   128 | D        | Reached skill level 5 in Armour
   128 | D        | Reached skill level 5 in Shields
   128 | D        | Reached XP level 4. HP: 10/32 MP: 4/4
   345 | D        | Noticed Sigmund
   357 | D        | Killed Sigmund
   357 | D        | Reached skill level 7 in Shields
   357 | D        | Reached XP level 5. HP: 34/38 MP: 5/5
   357 | D        | Reached XP level 6. HP: 40/44 MP: 6/6
   393 | D        | Found an ornate altar of the Wu Jian Council.
   393 | D        | Found a deep blue altar of Sif Muna.
   405 | D        | Found a radiant altar of Vehumet.
   584 | D        | Found Ikhyefer's Magic Scroll Emporium.
   584 | D        | Found an ancient bone altar of Kikubaaqudgha.
   584 | D        | Found a hazy altar of Hepliaklqana.
   584 | D        | Found a stormy altar of Qazlal.
   584 | D        | Found a hide-covered altar of Uskayaw.
   584 | D        | Found a blossoming altar of Fedhas.
   584 | D        | Found a bloodstained altar of Trog.
   584 | D        | Found an iron altar of Okawaru.
   584 | D        | Found a basalt altar of Yredelemnul.
   584 | D        | Found a glowing golden altar of the Shining One.
   584 | D        | Found a snail-covered altar of Cheibriados.
   584 | D        | Found a sacrificial altar of Ru.
   584 | D        | Found a glowing silver altar of Zin.
   584 | D        | Found a shadowy altar of Dithmenos.
   584 | D        | Found a white marble altar of Elyvilon.
   584 | D        | Noticed a yak
   596 | D        | Killed a yak
   596 | D        | Reached skill level 8 in Shields
   596 | D        | Reached XP level 7. HP: 23/49 MP: 7/7
   597 | D        | Found an opulent altar of Gozag.
   598 | D        | Found a sparkling altar of Nemelex Xobeh.
   604 | D        | Became a worshipper of Warmaster Okawaru
   770 | D        | Noticed Sonja
   825 | D        | Killed Sonja
   825 | D        | Reached skill level 9 in Shields
   825 | D        | Reached XP level 8. HP: 27/56 MP: 7/10
   839 | D        | Found Wadetaus's Jewellery Boutique.
   997 | D        | Noticed a deep troll
  1016 | D        | HP: 1/56 [deep troll (12)]
  1023 | D        | Killed a deep troll
  1023 | D        | Reached * piety under Okawaru
  1023 | D        | Reached skill level 10 in Fighting
  1023 | D        | Reached skill level 10 in Armour
  1023 | D        | Reached skill level 5 in Dodging
  1023 | D        | Reached skill level 10 in Shields
  1038 | D        | Found Ofeb's Armour Emporium.
  1045 | D        | Bought a +0 pair of boots for 63 gold pieces
  1372 | D        | Found a burning altar of Makhleb.
  1372 | D        | Found a viscous altar of Jiyva.
  1372 | D        | Found a shimmering altar of Xom.
  1372 | D        | Found a corrupted altar of Lugonu.
  1372 | D        | Noticed a slime creature
  1383 | D        | Killed a slime creature
  1383 | D        | Reached ** piety under Okawaru
  1383 | D        | Reached XP level 9. HP: 50/63 MP: 12/12
  1467 | D        | Bought a scroll of enchant armour for 75 gold pieces
  1467 | D        | Bought a scroll of identify for 20 gold pieces
  1467 | D        | Bought a scroll of magic mapping for 35 gold pieces
  1471 | D        | Bought a scroll of recharging for 95 gold pieces
  1471 | D        | Bought a scroll of identify for 20 gold pieces
  1471 | D        | Bought a scroll of identify for 20 gold pieces
  1471 | D        | Bought a scroll of identify for 20 gold pieces
  1534 | D        | Noticed a kobold demonologist
  1535 | D        | Paralysed by a floating eye for 2 turns
  1540 | D        | Noticed a kobold demonologist
  1549 | D        | Noticed a sixfirhy
  1550 | D        | Killed a kobold demonologist
  1559 | D        | Killed a kobold demonologist
  1559 | D        | Reached skill level 11 in Shields
  1559 | D        | Reached skill level 5 in Invocations
  1697 | D        | Noticed a centaur warrior
  1698 | D        | Noticed a centaur warrior
  1708 | D        | Killed a centaur warrior
  1708 | D        | Reached *** piety under Okawaru
  1708 | D        | Reached skill level 10 in Maces & Flails
  1720 | D        | Killed a centaur warrior
  1720 | D        | Reached **** piety under Okawaru
  1720 | D        | Reached XP level 10. HP: 52/71 MP: 12/14
  1822 | D        | Reached skill level 12 in Shields
  1886 | D        | Noticed an oklob plant
  1898 | D        | Killed an oklob plant
  1898 | D        | Reached skill level 1 in Bows
  2055 | D        | Killed an unseen horror
  2062 | D        | Killed an unseen horror
  2062 | D        | Reached ***** piety under Okawaru
  2161 | D        | Paralysed by a floating eye for 2 turns
  2178 | D        | Paralysed by a floating eye for 2 turns
  2492 | D        | Reached skill level 13 in Shields
  2545 | D        | Found Uwkocsuyr's Distillery.
  2545 | D        | Found Demimud's Gadget Shop.
  2545 | D        | Found Ymaet's Food Boutique.
  2547 | D        | Found Qoetiteu's Distillery.
  2547 | D        | Found Vamior's Jewellery Shop.
  2547 | D        | Found Caar Emp's Weapon Shoppe.
  2547 | D        | Found Daeqixu Rasch's Jewellery Boutique.
  2547 | D        | Found Vynomew's Antique Armour Emporium.
  2547 | D        | Found Doinaome's Jewellery Shop.
  2547 | D        | Found Yraxkack's Assorted Antiques.
  2551 | D        | Found Kobulug's Food Boutique.
  2552 | D        | Bought a potion of heal wounds for 50 gold pieces
  2552 | D        | Bought a potion of heal wounds for 50 gold pieces
  2552 | D        | Found Qoreeh's Assorted Antiques.
  2552 | D        | Found Saff's General Store.
  2553 | D        | Found Nussuole's General Store.
  2554 | D        | Bought a +4 flail of crushing for 272 gold pieces
  2562 | D        | Bought a scroll of enchant weapon for 105 gold pieces
  2562 | D        | Bought a scroll of enchant armour for 105 gold pieces
  2567 | D        | Bought a +5 amulet of reflection for 494 gold pieces
  2583 | D        | Bought the ring of Jamonk {Str+6 Dex+2} for 298 gold pieces
  2586 | D        | Bought a runed cloak for 225 gold pieces
  2666 | D        | Reached XP level 11. HP: 58/78 MP: 14/16
  2916 | D        | Killed a lorocyproca
  3096 | D        | Noticed a lindwurm
  3101 | D        | Killed a lindwurm
  3166 | D        | Received a gift from Okawaru
  3184 | D        | Reached skill level 5 in Bows
  3184 | D        | Reached skill level 14 in Shields
  3221 | D        | Noticed a 12-headed hydra
  3231 | D        | Killed a 12-headed hydra
  3231 | D        | Received a gift from Okawaru
  3369 | D        | Noticed a shining eye
  3369 | D        | Noticed a shining eye
  3369 | D        | Noticed a shining eye
  3369 | D        | Gained mutation: Your spells are a little easier to cast, but a little less powerful. [a shining eye]
  3370 | D        | Paralysed by a floating eye for 2 turns
  3371 | D        | Gained mutation: You are clumsy. (Dex -2) [a shining eye]
  3373 | D        | Paralysed by a floating eye for 3 turns
  3385 | D        | Gained mutation: You are partially covered in iridescent scales. (AC +2) [a shining eye]
  3387 | D        | Killed a shining eye
  3388 | D        | Gained mutation: You are weak. (Str -2) [a shining eye]
  3389 | D        | Gained mutation: You are very clumsy. (Dex -4) [a shining eye]
  3394 | D        | Killed a shining eye
  3402 | D        | Killed a shining eye
  3402 | D        | Received a gift from Okawaru
  3402 | D        | Reached XP level 12. HP: 86/86 MP: 18/18
  3421 | D        | Received a gift from Okawaru
  3426 | D        | Gained mutation: You are dopey. (Int -2) [a shining eye]
  3427 | D        | Gained mutation: Your body sometimes deteriorates upon taking damage. [a shining eye]
  3430 | D        | Gained mutation: You occasionally shout uncontrollably at your foes. [a shining eye]
  3433 | D        | Gained mutation: Your body often deteriorates upon taking damage. [a shining eye]
  3437 | D        | Paralysed by a floating eye for 3 turns
  3438 | D        | Gained mutation: You tend to lose your temper in combat. [a shining eye]
  3439 | D        | Gained mutation: Armour fits poorly on your strangely shaped body. [a shining eye]
  3445 | D        | Gained mutation: You are frail. (-10% HP) [a shining eye]
  3449 | D        | Found Ojoezocu's Distillery.
  3449 | D        | Found Besezaref's Gadget Boutique.
  3449 | D        | Found Ytucicirch's Distillery.
  3450 | D        | Found Jenus's Book Shop.
  3465 | D        | Bought a potion of mutation for 88 gold pieces
  3465 | D        | Lost mutation: Your spells are a little easier to cast, but a little less powerful. [potion of mutation]
  3465 | D        | Lost mutation: You are frail. (-10% HP) [potion of mutation]
  3465 | D        | Lost mutation: You tend to lose your temper in combat. [potion of mutation]
  3465 | D        | Lost mutation: Armour fits poorly on your strangely shaped body. [potion of mutation]
  3465 | D        | Lost mutation: You are dopey. (Int -2) [potion of mutation]
  3465 | D        | Gained mutation: Your natural rate of healing is unusually fast. [potion of mutation]
  3619 | D        | Bought a +0 leather armour of fire resistance for 126 gold pieces
  3619 | D        | Bought a +0 helmet for 63 gold pieces
  3836 | D        | Bought a chain mail for 135 gold pieces
  3836 | D        | Bought a runed ring mail for 210 gold pieces
  3979 | D        | Noticed a shadow dragon
  3981 | D        | Noticed a golden dragon
  4007 | D        | Killed a golden dragon
  4007 | D        | Reached skill level 15 in Fighting
  4007 | D        | Reached skill level 15 in Armour
  4007 | D        | Reached skill level 15 in Shields
  4007 | D        | Reached skill level 10 in Invocations
  4013 | D        | Killed a shadow dragon
  4013 | D        | Received a gift from Okawaru
  4256 | D        | Found Jogy's Weapon Shoppe.
  4331 | D        | Noticed a daeva
  4577 | D        | Noticed a fire giant
  4579 | D        | Noticed a fire giant
  4579 | D        | Noticed a fire giant
  4590 | D        | Killed a fire giant
  4590 | D        | Reached skill level 16 in Shields
  4590 | D        | Reached skill level 1 in Evocations
  4590 | D        | Reached XP level 13. HP: 67/93 MP: 12/20
  4603 | D        | Killed a fire giant
  4611 | D        | Killed a fire giant
  4618 | D        | Noticed a fire giant
  4629 | D        | Killed a fire giant
  4629 | D        | Received a gift from Okawaru
  4652 | D        | Noticed Tiamat
  5292 | D        | Fell from the grace of Okawaru
  5292 | D        | Became a worshipper of the Shining One
  5490 | D        | Noticed a deep elf annihilator
  5490 | D        | Reached * piety under the Shining One
  5499 | D        | Killed a deep elf annihilator
  5499 | D        | Reached skill level 15 in Maces & Flails
  5524 | D        | Noticed a stone giant
  5524 | D        | Noticed a fire giant
  5524 | D        | Noticed a minotaur
  5540 | D        | Killed a fire giant
  5550 | D        | Killed a stone giant
  5556 | D        | Killed a minotaur
  5760 | D        | Bought 2 potions of magic for 288 gold pieces
  5760 | D        | Bought a scroll of blinking for 135 gold pieces
  5760 | D        | Bought a moonstone ring for 90 gold pieces
  5760 | D        | Bought a scroll of identify for 36 gold pieces
  5760 | D        | Bought a cyan potion for 16 gold pieces
  5805 | D        | Bought a +6 ring of strength for 760 gold pieces
  5865 | D        | Noticed a mummy priest
  5865 | D        | Reached ** piety under the Shining One
  6054 | D        | Noticed the 27-headed Lernaean hydra
  6134 | D        | Killed the 27-headed Lernaean hydra
  6134 | D        | Reached skill level 17 in Shields
  6166 | D        | Noticed a stone giant
  6179 | D        | Slain by a stone giant

Vault maps used:
D:        dungeon_sprint_1

Skill      XL: |  1  2  3  4  5  6  7  8  9 10 11 12 13 |
---------------+----------------------------------------+-----
Fighting       | 4 5 7 8 9 10 11 13 14 15 16 | 16.8
Maces & Flails | 3 4 6 7 8 9 10 11 13 14 15 | 15.4
Armour         | 4 5 7 8 9 10 11 13 14 15 16 | 16.9
Dodging        | 1 2 3 4 5 6 7 8 9 |  9.7
Shields        | 4 5 7 8 9 10 11 13 14 16 17 | 17.0
Invocations    | 3 4 6 7 9 10 | 10.9
Bows           | 3 5 7 8 |  8.8
Evocations     | 1 3 |  3.9

Action                   |  1- 3 |  4- 6 |  7- 9 | 10-12 | 13-15 || total
-------------------------+-------+-------+-------+-------+-------++-------
Melee: Flail             |    21 |    28 |    97 |   321 |   136 ||   603
 Fire: Shortbow          |       |       |       |       |    17 ||    17
Invok: Heroism           |       |       |     1 |    16 |       ||    17
       Finesse           |       |       |       |    10 |       ||    10
       Divine Shield     |       |       |       |       |     2 ||     2
Evoke: Wand              |       |     1 |     5 |     7 |     9 ||    22
  Use: Potion            |     1 |       |     4 |     2 |     9 ||    16
       Scroll            |       |       |     6 |     8 |     1 ||    15
 Stab: Sleeping          |       |       |       |     4 |       ||     4
       Confused          |       |       |       |     3 |       ||     3
  Eat: Bread ration      |       |       |     1 |     1 |     1 ||     3
       Meat ration       |       |       |       |     1 |       ||     1
       Royal jelly       |       |       |       |       |     1 ||     1
Armor: Scale mail        |     6 |     7 |    71 |    66 |       ||   150
       Plate armour      |       |       |       |    13 |   178 ||   191
       Chain mail        |       |       |       |     7 |     9 ||    16
       Leather armour    |       |       |       |     1 |       ||     1
Dodge: Dodged            |     3 |     4 |    61 |    84 |    84 ||   236
Block: Shield            |     7 |    10 |    83 |   149 |    48 ||   297
       Reflection        |       |       |       |     1 |     1 ||     2
       Other             |       |       |       |       |    53 ||    53
